 Dungeon Crawl Stone Soup version 0.29-a0-338-g1ff7896281 (webtiles) character file.

Game seed: 4927051385305446757

3033 chopper the Spear-Bearer (level 9, -11/74 HPs)
             Began as a Gnoll Cinder Acolyte on Apr 19, 2022.
             Was a High Priest of Ignis.
             Mangled by Joseph
             ... wielding a +0 quarterstaff
              (12 damage)
             ... on level 7 of the Dungeon.
             The game lasted 01:09:06 (9983 turns).

chopper the Spear-Bearer (Gnoll Cinder Acolyte)     Turns: 9983, Time: 01:09:07

Health: -11/74     AC:  9    Str: 20    XL:     9   Next: 86%
Magic:  15/17      EV: 12    Int: 19    God:    Ignis [*****.]
Gold:   25         SH:  0    Dex: 10    Spells: 10/19 levels left

rFire   + . .      SeeInvis .   C - +5 halberd
rCold   . . .      Faith    .   (shield currently unavailable)
rNeg    . . .      Spirit   .   h - +1 ring mail of the Hidden Vale {Fly Will- Int+4}
rPois   .          Reflect  .   (no helmet)
rElec   .          Harm     .   K - +0 cloak
rCorr   .          Rampage  .   (no gloves)
Will    .....                   j - +0 pair of boots
Stlth   ++........              (no amulet)
HPRegen 0.22/turn               x - +6 ring of strength
MPRegen 0.15/turn               c - ring of willpower

@: flying
A: fangs 1, strong nose, distributed training
a: Renounce Religion, Fiery Armour, Foxfire Swarm, Rising Flame


You were on level 7 of the Dungeon.
You worshipped Ignis.
Ignis was extremely pleased with you.
You visited 2 branches of the dungeon, and saw 8 of its levels.
You also visited: Sewer.

You collected 350 gold pieces.
You spent 325 gold pieces at shops.

Inventory:

Hand Weapons
 a - a -1 spear of flaming
 b - a +1 morningstar of protection
 i - a +0 whip of distortion
 y - a +0 vampiric dagger
 C - a +5 halberd (weapon)
 D - a +3 falchion
 E - a +3 spear of freezing
 H - a +2 vampiric glaive
Missiles
 q - 17 poisoned darts
 r - 2 curare-tipped darts
 J - a throwing net
Armour
 h - the +1 ring mail of the Hidden Vale (worn) {Fly Will- Int+4}
   (You found it on level 3 of the Dungeon)

   Int:       It affects your intelligence (+4).
   Fly:       It grants you flight.
   Will:      It decreases your willpower.
 j - a +0 pair of boots (worn)
 m - an orb of mayhem
 K - a +0 cloak (worn)
Jewellery
 c - a ring of willpower (right hand)
 x - a +6 ring of strength (left hand)
 z - a ring of protection from fire
Wands
 l - a wand of iceblast (20)
 A - a wand of paralysis (9)
Scrolls
 d - 2 scrolls of holy word
 e - a scroll of silence {unknown}
 f - 2 scrolls of fog
 p - 3 scrolls of enchant weapon
 s - a scroll of summoning {unknown}
 w - a scroll of teleportation {unknown}
 G - a scroll of enchant armour {unknown}
 I - a scroll of amnesia {unknown}
Potions
 g - 2 potions of berserk rage
 k - a potion of heal wounds
 n - 3 potions of mutation
 o - a potion of magic
 t - 3 potions of invisibility
 u - 2 potions of might
 v - 2 potions of lignification
 B - a potion of curing
 F - 2 potions of haste {unknown}
 L - a potion of brilliance
 M - a potion of attraction {unknown}


   Skills:
 + Level 8.1 Fighting
 + Level 4.6 Short Blades
 + Level 4.6 Long Blades
 + Level 4.6 Axes
 + Level 4.6 Maces & Flails
 + Level 8.1 Polearms
 + Level 4.6 Staves
 + Level 4.6 Slings
 + Level 4.6 Bows
 + Level 4.6 Crossbows
 + Level 4.6 Throwing
 + Level 4.6 Armour
 + Level 4.6 Dodging
 + Level 4.6 Stealth
 + Level 4.6 Shields
 + Level 4.6 Unarmed Combat
 + Level 5.5 Spellcasting
 + Level 3.8 Conjurations
 + Level 3.8 Hexes
 + Level 3.8 Summonings
 + Level 3.8 Necromancy
 + Level 3.8 Translocations
 + Level 3.8 Transmutations
 + Level 6.7 Fire Magic
 + Level 3.8 Ice Magic
 + Level 3.8 Air Magic
 + Level 3.8 Earth Magic
 + Level 3.8 Poison Magic
 + Level 5.1 Invocations
 + Level 4.6 Evocations


You had 10 spell levels left.
You knew the following spells:

 Your Spells              Type           Power      Damage    Failure   Level
a - Scorch                Fire           62%        2d8       1%          2
b - Slow                  Hex            76%        N/A       4%          1
c - Confusing Touch       Hex            19%        N/A       12%         3
d - Vampiric Draining     Necr           19%        2d7       12%         3

Your spell library contained the following spells:

 Spells                   Type           Power      Damage    Failure   Level
 Malign Gateway           Summ/Tloc      9%         N/A       100%        7
 Summon Horrible Things   Summ           9%         N/A       100%        8


Dungeon Overview and Level Annotations

Branches:
Dungeon (7/15)             Temple (1/1) D:7           Sewer (visited)

Altars:
Ashenzari
Cheibriados
Dithmenos
Elyvilon
Fedhas
Gozag
Hepliaklqana
Kikubaaqudgha
Nemelex Xobeh
Okawaru
Ru
Sif Muna
Trog
Uskayaw
Vehumet
Wu Jian
Xom
Yredelemnul
Zin
The Shining One

Shops:
D:2 ?

Annotations:
D:4 1 runed translucent door, Crazy Yiuf
D:7 Joseph


Innate Abilities, Weirdness & Mutations

You have very sharp teeth.
Your uncanny sense of smell can sniff out nearby items.
Your experience applies equally to all skills.


Message History

Press: ? - help, Q - select action, (/) - cycle Shift-Dir - straight line, f/p - Joseph
Aim: Joseph, wielding a +1 hunting sling of freezing and wearing a +0 ring mail of willpower (chance to affect: 13%) Joseph resists with almost no effort.
Joseph shoots a sling bullet.
The sling bullet hits you. The sling bullet freezes you.
Joseph shoots a sling bullet.
The sling bullet closely misses you.
Joseph unwields a +1 hunting sling of freezing.
Joseph wields a +0 quarterstaff.
Joseph hits you with a +0 quarterstaff.
You barely miss Joseph. You bite Joseph, but do no damage.
Joseph hits you but does no damage.
You slash Joseph!
Joseph is lightly wounded.
Joseph hits you with a +0 quarterstaff!
You hit Joseph.
Joseph is moderately wounded.
Joseph completely misses you.
You puncture Joseph!
Joseph is heavily wounded.
Joseph barely misses you.
You impale Joseph!! You bite Joseph, but do no damage.
Joseph is severely wounded.
Joseph hits you with a +0 quarterstaff! Joseph closely misses you.
You hit Joseph.
Joseph is almost dead.
Joseph hits you but does no damage.
You barely miss Joseph.
Joseph is almost dead.
Joseph hits you but does no damage.
You barely miss Joseph.
Joseph is almost dead.
Joseph hits you with a +0 quarterstaff!
* * * LOW HITPOINT WARNING * * *
You slash Joseph!
Joseph is almost dead.
Joseph hits you with a +0 quarterstaff!
* * * LOW HITPOINT WARNING * * *
You closely miss Joseph.
Joseph is almost dead.
Joseph hits you with a +0 quarterstaff!
You die...

#...........# #
#...........+ #
#...........# #
##+##+#+##### # #.#.#
#########.##.#.#
'.........##.#.#
###..#######.#.#############
# ##.# #.......@@..........#
####.###.###.#......######.#
.)....##.#...#..........
≈≈≈≈≈.##.#.#.#........#..
≈≈≈≈≈.##.#.#.#...######
++##≈..#.# ###.... #≈....#
....### #≈.##.# ###.#
#≈.##.#


You could see Joseph.

Vanquished Creatures
  Maggie (D:6)
  Prince Ribbit (D:6)
  4 water moccasins
  An ice beast (D:6)
  3 black bears
  A centaur (D:5)
  5 kobold brigands
  3 bullfrogs
  3 wights (D:5)
  4 killer bees
  2 jellies (D:5)
  2 howler monkeys (D:7)
  A hound (D:5)
  3 orc priests
  Natasha (thrice) (D:4)
  4 iguanas
  4 orc wizards
  4 gnolls (D:6)
  14 adders
  2 river rats (Sewer)
  A shadow imp (D:7)
  An ufetubus (D:4)
  2 dart slugs
  11 orcs
  7 endoplasms
  8 giant cockroaches
  12 goblins
  12 hobgoblins
  2 jackals (Sewer)
  15 kobolds
  10 quokkas
  9 ball pythons
  6 bats
  4 frilled lizards
  10 rats
175 creatures vanquished.

Vanquished Creatures (others)
  8 fungi (D:4)
  22 plants
30 creatures vanquished.

Grand Total: 205 creatures vanquished

Notes
Turn   | Place    | Note
-------+----------+-------------------------------------------
     0 | D:1      | chopper the Gnoll Cinder Acolyte began the quest for the
                  | Orb.
     0 | D:1      | Reached XP level 1. HP: 23/23 MP: 4/4
    62 | D:1      | Reached XP level 2. HP: 15/29 MP: 5/5
    85 | D:1      | HP: 1/29 [endoplasm (1)]
   401 | D:1      | Learned a level 2 spell: Scorch
   502 | D:1      | Found a faded altar of an unknown god.
   568 | D:1      | Reached XP level 3. HP: 29/35 MP: 7/7
  1141 | D:2      | Reached skill level 1 in Invocations
  1362 | D:2      | Reached skill level 1 in Short Blades
  1362 | D:2      | Reached skill level 1 in Long Blades
  1362 | D:2      | Reached skill level 1 in Axes
  1362 | D:2      | Reached skill level 1 in Maces & Flails
  1362 | D:2      | Reached skill level 1 in Staves
  1362 | D:2      | Reached skill level 1 in Slings
  1362 | D:2      | Reached skill level 1 in Bows
  1362 | D:2      | Reached skill level 1 in Crossbows
  1362 | D:2      | Reached skill level 1 in Throwing
  1362 | D:2      | Reached skill level 1 in Armour
  1362 | D:2      | Reached skill level 1 in Dodging
  1362 | D:2      | Reached skill level 1 in Stealth
  1362 | D:2      | Reached skill level 1 in Shields
  1362 | D:2      | Reached skill level 1 in Unarmed Combat
  1362 | D:2      | Reached skill level 1 in Evocations
  1421 | D:2      | Reached XP level 4. HP: 41/41 MP: 2/8
  1655 | D:2      | Found Qomut's Magic Scroll Shoppe.
  1660 | D:2      | Bought 2 scrolls of identify for 52 gold pieces
  2036 | D:3      | Noticed a bullfrog
  2044 | D:3      | Killed a bullfrog
  2045 | D:3      | Reached skill level 1 in Conjurations
  2045 | D:3      | Reached skill level 1 in Hexes
  2045 | D:3      | Reached skill level 1 in Summonings
  2045 | D:3      | Reached skill level 1 in Necromancy
  2045 | D:3      | Reached skill level 1 in Translocations
  2045 | D:3      | Reached skill level 1 in Transmutations
  2045 | D:3      | Reached skill level 1 in Ice Magic
  2045 | D:3      | Reached skill level 1 in Air Magic
  2045 | D:3      | Reached skill level 1 in Earth Magic
  2045 | D:3      | Reached skill level 1 in Poison Magic
  2045 | D:3      | Reached XP level 5. HP: 30/47 MP: 0/9
  2293 | D:3      | Found a glowing drain.
  2304 | Sewer    | Entered a sewer
  2368 | Sewer    | Noticed a kobold brigand
  2372 | Sewer    | Killed a kobold brigand
  2373 | Sewer    | Reached XP level 6. HP: 51/53 MP: 1/10
  2754 | Sewer    | Reached XP level 7. HP: 16/59 MP: 0/12
  3578 | D:3      | Identified the +1 ring mail of the Hidden Vale {Fly Will-
                  | Int+4}
  4065 | D:4      | Found a runed translucent door.
  4068 | D:4      | Noticed Crazy Yiuf
  4333 | D:4      | HP: 2/60 [orc priest/nerve-wracking pain (13)]
  4821 | D:4      | Noticed Natasha
  4822 | D:4      | Found a basalt altar of Yredelemnul.
  4823 | D:4      | Found a snail-covered altar of Cheibriados.
  4827 | D:4      | Killed Natasha
  4895 | D:4      | Noticed Natasha
  4975 | D:4      | Killed Natasha
  4980 | D:4      | Found a hide-covered altar of Uskayaw.
  5056 | D:4      | Found a bloodstained altar of Trog.
  5325 | D:4      | Reached XP level 8. HP: 39/67 MP: 14/14
  5487 | D:4      | Noticed Natasha
  5495 | D:4      | Killed Natasha
  5905 | D:5      | Entered Level 5 of the Dungeon
  5914 | D:5      | Found an opulent altar of Gozag.
  7077 | D:5      | Learned a level 1 spell: Slow
  7200 | D:6      | Reached XP level 9. HP: 72/72 MP: 7/16
  7427 | D:6      | Noticed Maggie
  7449 | D:6      | Killed Maggie
  7450 | D:6      | Reached skill level 5 in Spellcasting
  7901 | D:6      | Noticed Prince Ribbit
  7907 | D:6      | Killed Prince Ribbit
  8710 | D:7      | Found a shadowy altar of Dithmenos.
  8732 | D:7      | Learned a level 3 spell: Confusing Touch
  8736 | D:7      | Learned a level 3 spell: Vampiric Draining
  8762 | D:7      | Found a staircase to the Ecumenical Temple.
  8785 | Temple   | Entered the Ecumenical Temple
  9267 | D:2      | Bought a scroll of identify for 26 gold pieces
  9267 | D:2      | Bought a scroll of identify for 26 gold pieces
  9267 | D:2      | Bought a scroll of identify for 26 gold pieces
  9267 | D:2      | Bought 2 scrolls of enchant weapon for 195 gold pieces
  9706 | D:7      | Reached skill level 5 in Invocations
  9963 | D:7      | Noticed Joseph
  9982 | D:7      | HP: 1/74 [Joseph/+0 quarterstaff (12)]
  9983 | D:7      | Mangled by Joseph

Illustrated notes

Levels and vault maps discovered:
D:1:      evilmike_arrival_plus, layout_loops_ring,
          ebering_ecumenical_altar_rust, st_stairs_10
D:2:      layout_loops_ring, serial_shops, shop
D:3:      minmay_door_path, layout_loops_ring, gup_sewer_entry_pipe
D:4:      layout_rooms, mainiacjoe_overflow_alcove_4,
          chequers_temple_overflow_statue_of_worship, kennysheep_boxes,
          uniq_crazy_yiuf_cottage, uniq_natasha
D:5:      layout_gridville, mainiacjoe_overflow_six_doors_small,
          roderic_roman_lattice
D:6:      layout_cave_pools, serial_rivers, chequers_serial_rivers_micro_d,
          chequers_serial_rivers_micro_c, chequers_serial_rivers_small_b,
          chequers_serial_rivers_small_3, chequers_serial_rivers_large_a,
          chequers_serial_rivers_small_a, uniq_prince_ribbit1, uniq_maggie
D:7:      layout_basic, general_overflow_altar, minmay_temple_entry_tees,
          enter_bailey_4, uniq_joseph
Temple:   nicolae_temple_great_sept

Skill      XL: |  1  2  3  4  5  6  7  8  9 |
---------------+----------------------------+-----
Invocations    | 1 2 3 4 5 |  5.1
Short Blades   | 1 2 3 4 |  4.6
Long Blades    | 1 2 3 4 |  4.6
Axes           | 1 2 3 4 |  4.6
Maces & Flails | 1 2 3 4 |  4.6
Staves         | 1 2 3 4 |  4.6
Slings         | 1 2 3 4 |  4.6
Bows           | 1 2 3 4 |  4.6
Crossbows      | 1 2 3 4 |  4.6
Throwing       | 1 2 3 4 |  4.6
Armour         | 1 2 3 4 |  4.6
Dodging        | 1 2 3 4 |  4.6
Stealth        | 1 2 3 4 |  4.6
Shields        | 1 2 3 4 |  4.6
Unarmed Combat | 1 2 3 4 |  4.6
Evocations     | 1 2 3 4 |  4.6
Spellcasting   | 3 4 5 |  5.5
Conjurations   | 1 2 3 |  3.8
Hexes          | 1 2 3 |  3.8
Summonings     | 1 2 3 |  3.8
Necromancy     | 1 2 3 |  3.8
Translocations | 1 2 3 |  3.8
Transmutations | 1 2 3 |  3.8
Ice Magic      | 1 2 3 |  3.8
Air Magic      | 1 2 3 |  3.8
Earth Magic    | 1 2 3 |  3.8
Poison Magic   | 1 2 3 |  3.8
Fighting       | 7 8 |  8.1
Polearms       | 7 8 |  8.1
Fire Magic     | 6 |  6.7

Action                   |  1- 3 |  4- 6 |  7- 9 || total
-------------------------+-------+-------+-------++-------
Melee: Spear             |    74 |    75 |    54 ||   203
       Bite              |    12 |     7 |    13 ||    32
       Punch             |     1 |     1 |     1 ||     3
       Dagger            |       |       |    31 ||    31
       Morningstar       |       |       |     5 ||     5
       Halberd           |       |       |    59 ||    59
Throw: Dart              |       |       |    25 ||    25
 Cast: Scorch            |    26 |    40 |   143 ||   209
       Slow              |       |       |     2 ||     2
Evoke: Wand              |       |       |     3 ||     3
  Use: Scroll            |       |     4 |    12 ||    16
 Stab: Paralysed         |       |       |     2 ||     2
Armor: Robe              |    25 |       |       ||    25
       Leather armour    |     1 |    19 |     2 ||    22
       Ring mail         |       |       |    95 ||    95
Dodge: Dodged            |    62 |    49 |   132 ||   243

Table legend: (Time is in decaauts)
 A = Elapsed time spent in this place.
 B = Non-inter-level travel time spent in this place.
 C = Inter-level travel time spent in this place.
 D = Time resting spent in this place.
 E = Time spent auto-exploring this place.
 F = Levels seen in this place.
 G = Mean time per level.
                   A        B        C        D        E       F      G
               +--------+--------+--------+--------+--------+-----+--------+
         Total |  10143 |  10143 |      0 |   2857 |      0 |   9 | 1127.0 |
       Dungeon |   8879 |   8879 |      0 |   2566 |      0 |   7 | 1268.4 |
        Temple |    153 |    153 |      0 |      0 |      0 |   1 |  153.0 |
         Sewer |   1110 |   1110 |      0 |    291 |      0 |   1 | 1110.0 |
               +--------+--------+--------+--------+--------+-----+--------+

Top non-repeatable levels by time:
     D:4: 1905 daAuts
     D:6: 1475 daAuts
     D:5: 1365 daAuts
     D:3: 1299 daAuts
   Sewer: 1110 daAuts
     D:1: 1075 daAuts
     D:2: 988 daAuts
     D:7: 768 daAuts
  Temple: 153 daAuts
